 Dungeon Crawl Stone Soup version 0.30.0-29-ga12c61a403 (webtiles) character file.

Game seed: 5308863523752835244

3748 RascalDebosk the Thaumaturge (level 10, -9/73 HPs)
             Began as a Djinni Conjurer on June 6, 2023.
             Mangled by Joseph
             ... wielding a +0 quarterstaff
              (12 damage)
             ... on level 7 of the Dungeon.
             The game lasted 00:57:35 (7782 turns).

RascalDebosk the Thaumaturge (Djinni Conjurer)      Turns: 7782, Time: 00:57:36

Health: -9/73      AC:  7    Str:  6    XL:     10   Next: 37%
Gold:   305        EV: 10    Int: 29    God:
                   SH:  0    Dex: 13

rFire   + + +        H - +4 scimitar (elec)
rCold   + . .        (no shield)
rNeg    . . .        a - +0 ring mail {rC+}
rPois   ∞            I - +0 helmet
rElec   .            E - scarf {rC+ rF+}
rCorr   .            (no gloves)
SInv    .            (boots unavailable)
Will    ++...        (no amulet)
Stlth   +            u - ring of willpower
HPRegen 0.32/turn    r - +6 ring of intelligence
MPRegen 0.00/turn

%: infuse magic (-10 HP)
@: flying, very slightly contaminated
A: sickness immunity, fire resistance 2, cold vulnerability 1, float, innate
caster, HP casting, extra vitality 1
a: no special abilities


You were on level 7 of the Dungeon.
You visited 2 branches of the dungeon, and saw 8 of its levels.
You also visited: Sewer.

You collected 305 gold pieces.

Inventory:

Hand Weapons
 C - the +10 flail of Tausig Sijo {heavy, Str+2 Dex+6}
   (You found it on level 7 of the Dungeon)

   Str:       It affects your strength (+2).
   Dex:       It affects your dexterity (+6).
 H - a +4 scimitar of electrocution (weapon)
Armour
 a - a +0 ring mail of cold resistance (worn)
 E - a scarf of resistance (worn)
 I - a +0 helmet (worn)
Jewellery
 k - a ring of willpower
 r - a +6 ring of intelligence (right hand)
 u - a ring of willpower (left hand)
 B - a ring of see invisible
Wands
 z - a wand of flame (11)
 F - a wand of digging (4)
 G - a wand of mindburst (2)
Scrolls
 d - 2 scrolls of magic mapping
 f - 3 scrolls of fog
 g - 2 scrolls of blinking
 i - 2 scrolls of identify
 p - a scroll of vulnerability
 t - 3 scrolls of teleportation
 v - 2 scrolls of torment
 D - 3 scrolls of immolation
Potions
 b - 3 potions of brilliance
 c - 5 potions of attraction {unknown}
 e - a potion of ambrosia {unknown}
 h - 4 potions of curing
 j - 2 potions of invisibility {unknown}
 l - 2 potions of mutation {unknown}
 m - 6 potions of heal wounds
 n - 2 potions of cancellation {unknown}
 o - 3 potions of lignification {unknown}
 q - 2 potions of haste {unknown}
 s - a potion of resistance {unknown}
 x - a potion of degeneration {unknown}
 y - 2 potions of berserk rage {unknown}
 A - a potion of might {unknown}


   Skills:
 + Level 6.6 Fighting
 + Level 2.1 Long Blades
 - Level 4.0 Armour
 + Level 3.5 Dodging
 - Level 1.5 Stealth
 * Level 8.7 Spellcasting
 - Level 4.0 Evocations


You knew the following spells:

 Your Spells              Type           Power      Damage    Failure   Level
a - Magic Dart            Conj           100%       1d8       1%          1
b - Searing Ray           Conj           100%       2d8       1%          2
c - Dazzling Flash        Conj/Hex       100%       N/A       1%          3
d - Fulminant Prism       Conj/Hex       29%        3d13      4%          4
e - Iskenderun's Mystic   Conj/Tloc      59%        2d12      4%          4
f - Beastly Appendage     Tmut           100%       N/A       1%          1
g - Scorch                Fire           100%       2d9       1%          2
h - Gell's Gravitas       Tloc           59%        N/A       1%          3
i - Teleport Other        Tloc           59%        N/A       1%          3
Your spell library was empty.

Dungeon Overview and Level Annotations

Branches:
Dungeon (7/15)             Temple (1/1) D:5           Sewer (visited)

Altars:
Cheibriados
Dithmenos
Elyvilon
Fedhas
Gozag
Hepliaklqana
Makhleb
Nemelex Xobeh
Okawaru
Qazlal
Ru
Trog
Uskayaw
Wu Jian
Xom
The Shining One

Annotations:
D:7 Joseph


Innate Abilities, Weirdness & Mutations

You are immune to sickness and miasma.
You are immune to poison.
Your flesh is very heat resistant. (rF++)
You are vulnerable to cold. (rC-)
You float through the air rather than walking.
You learn spells naturally, not from books.
Your magical power is your life essence.
You have superior vitality. (+4 MHP)


Message History

Confirm with . or Enter, or press ? or * to list all spells.
You erupt in a blast of force!
The mystic blast hits Prince Ribbit!!
You kill Prince Ribbit!
Prince Ribbit returns to his original shape as he dies.
You hear an angry hiss.
Dowan gestures wildly while chanting.
Dowan blinks!
Your Long Blades skill increases to level 2!
Casting: Iskenderun's Mystic Blast (dangerous; 4% risk of failure)
Confirm with . or Enter, or press ? or * to list all spells.
Aiming: Searing Ray (safe; 1% risk of failure)
Press: ? - help, Shift-Dir - straight line, f - Dowan
Aim: Dowan, wielding a +0 dagger and wearing a +0 robe (almost dead, fast, spells empowered, 76% to hit)
The searing ray hits Dowan!
You kill Dowan! (Press . to maintain the ray.)
* * * LOW HITPOINT WARNING * * *
A water moccasin comes into view.
You see here the human corpse of Prince Ribbit.
The water moccasin bites you.
* * * LOW HITPOINT WARNING * * *
Casting: Searing Ray (safe; 1% risk of failure)
Confirm with . or Enter, or press ? or * to list all spells.
You erupt in a blast of force!
The mystic blast hits the water moccasin!
The water moccasin is heavily wounded.
The water moccasin is knocked back by the mystic blast.
The water moccasin slams into the rock wall!
The water moccasin is severely wounded.
* * * LOW HITPOINT WARNING * * *
The water moccasin completely misses you.
Casting: Iskenderun's Mystic Blast (dangerous; 4% risk of failure)
Confirm with . or Enter, or press ? or * to list all spells.
You erupt in a blast of force!
The mystic blast hits the water moccasin!!
You kill the water moccasin!
* * * LOW HITPOINT WARNING * * *
You start resting.
Joseph, a Mercenary comes into view.
He is wielding a +0 quarterstaff and wearing a +4 ring mail of poison resistance.
Joseph shouts!
Joseph unwields a +0 quarterstaff.
Joseph wields a +2 sling of freezing.
It is covered in frost.
Joseph shoots a sling bullet.
The sling bullet hits you.
* * * LOW HITPOINT WARNING * * *
The sling bullet freezes you.
* * * LOW HITPOINT WARNING * * *
You see here a water moccasin corpse.
As you read the scroll of fog, it crumbles to dust.
The scroll dissolves into smoke.
You start resting.
Joseph is nearby!
Casting: Iskenderun's Mystic Blast (dangerous; 4% risk of failure)
Confirm with . or Enter, or press ? or * to list all spells.
You erupt in a blast of force!
The mystic blast hits Joseph!
Joseph is lightly wounded.
Joseph is knocked back by the mystic blast.
Joseph slams into the rock wall!
Joseph is moderately wounded.
* * * LOW HITPOINT WARNING * * *
Joseph unwields a +2 sling of freezing.
Joseph wields a +0 quarterstaff.
Joseph hits you but does no damage.
Casting: Iskenderun's Mystic Blast (dangerous; 4% risk of failure)
Confirm with . or Enter, or press ? or * to list all spells.
You erupt in a blast of force!
The mystic blast hits Joseph!
Joseph is moderately wounded.
Joseph is knocked back by the mystic blast.
Joseph slams into the rock wall!
Joseph is heavily wounded.
* * * LOW HITPOINT WARNING * * *
Casting: Iskenderun's Mystic Blast (dangerous; 4% risk of failure)
Confirm with . or Enter, or press ? or * to list all spells.
You erupt in a blast of force!
The mystic blast hits Joseph!
Joseph is severely wounded.
Joseph is knocked back by the mystic blast.
Joseph slams into the rock wall!
Joseph is severely wounded.
* * * LOW HITPOINT WARNING * * *
Casting: Iskenderun's Mystic Blast (dangerous; 4% risk of failure)
Confirm with . or Enter, or press ? or * to list all spells.
You miscast Iskenderun's Mystic Blast.
You are very lightly contaminated with residual magic.
Nothing appears to happen.
* * * LOW HITPOINT WARNING * * *
Joseph hits you with a +0 quarterstaff!!
* * * LOW HITPOINT WARNING * * *
Casting: Iskenderun's Mystic Blast (dangerous; 4% risk of failure)
Confirm with . or Enter, or press ? or * to list all spells.
You erupt in a blast of force!
The mystic blast hits Joseph!
Joseph is almost dead.
Joseph is knocked back by the mystic blast.
Joseph slams into the rock wall!
* * * LOW HITPOINT WARNING * * *
Unknown command.
You closely miss Joseph.
Joseph is almost dead.
Joseph barely misses you. Joseph hits you but does no damage.
You closely miss Joseph.
Joseph is almost dead.
Joseph hits you with a +0 quarterstaff!
You die...

..... #.......#.......
.....####.......#.......
................#.......
................##.....#
................##.....#
..............#........#
#............#.#...........#
#@..........##.##...........
#.......#.#@.###............
#......##.##@.##............
#####.......###.)###.........#..
#............#..##.##..........)
##........§§.###..#.#............
..........§§##§##.....#..........
........).§§§#§#.....##....#.#...
..#####...§§§§§.§..........#.#...
........#.§§§§§##..>.......#.#...


You could see Joseph.

Vanquished Creatures
  Pikel (D:4)
  Prince Ribbit (D:7)
  3 yaks (D:7)
  Edmund (D:4)
  Menkaure (D:4)
  Duvessa (D:7)
  2 water moccasins
  An orc warrior (D:6)
  An ogre (D:4)
  2 lemures (D:4)
  A phantom (D:6)
  4 bullfrogs
  3 gnoll sergeants (D:5)
  3 scorpions
  5 wights (D:6)
  Dowan (D:7)
  6 hounds
  2 orc priests (D:6)
  2 gnoll boudas (D:5)
  4 iguanas
  2 sleepcaps
  3 orc wizards
  9 gnolls
  11 adders
  6 river rats (Sewer)
  5 white imps
  An ufetubus (D:6)
  3 worms
  5 dart slugs (D:3)
  14 orcs
  13 ball pythons
  8 bats
  9 endoplasms
  2 giant cockroaches (D:4)
  6 goblins
  6 hobgoblins
  8 jackals
  3 quokkas (D:1)
  6 frilled lizards
  8 kobolds
  28 rats
201 creatures vanquished.

Vanquished Creatures (others)
  24 fulminant prisms
24 creatures vanquished.

Grand Total: 225 creatures vanquished

Notes
Turn   | Place    | Note
-------+----------+-------------------------------------------
     0 | D:1      | RascalDebosk the Djinni Conjurer began the quest for the
                  | Orb.
     0 | D:1      | RascalDebosk set off with the following spells memorised:
                  | Magic Dart, Searing Ray, Dazzling Flash, Fulminant Prism,
                  | Iskenderun's Mystic Blast.
     0 | D:1      | Reached XP level 1. HP: 15/15 MP: 0/0
   156 | D:1      | Reached XP level 2. HP: 21/21 MP: 0/0
   380 | D:1      | Reached XP level 3. HP: 18/25 MP: 0/0
   380 | D:1      | Learned a level 1 spell: Beastly Appendage
   577 | D:1      | Reached skill level 4 in Spellcasting
   937 | D:2      | Reached XP level 4. HP: 30/31 MP: 0/0
  1141 | D:2      | Found a sparkling altar of Nemelex Xobeh.
  1712 | D:3      | Found a faded altar of an unknown god.
  2170 | D:3      | Reached XP level 5. HP: 24/36 MP: 0/0
  2170 | D:3      | Learned a level 2 spell: Scorch
  2578 | D:4      | Noticed an ogre
  2585 | D:4      | Killed an ogre
  2586 | D:4      | Reached skill level 1 in Fighting
  2586 | D:4      | Reached skill level 5 in Spellcasting
  2586 | D:4      | Reached skill level 1 in Evocations
  2586 | D:4      | Reached XP level 6. HP: 25/42 MP: 0/0
  2674 | D:4      | Found a glowing drain.
  2678 | D:4      | Noticed Edmund
  2696 | D:4      | Killed Edmund
  2843 | Sewer    | Entered a sewer
  2873 | Sewer    | Reached XP level 7. HP: 40/49 MP: 0/0
  2873 | Sewer    | Learned a level 3 spell: Gell's Gravitas
  3856 | D:4      | Noticed Pikel
  3863 | D:4      | Killed Pikel
  3864 | D:4      | Reached skill level 6 in Spellcasting
  3864 | D:4      | Reached XP level 8. HP: 29/58 MP: 0/0
  4256 | D:4      | Noticed Menkaure
  4260 | D:4      | Killed Menkaure
  4329 | D:4      | Reached skill level 1 in Armour
  4484 | D:5      | Entered Level 5 of the Dungeon
  4513 | D:5      | Reached skill level 7 in Spellcasting
  4513 | D:5      | Reached XP level 9. HP: 59/63 MP: 0/0
  4513 | D:5      | Learned a level 3 spell: Teleport Other
  4898 | D:5      | Reached skill level 5 in Fighting
  5256 | D:5      | Found a snail-covered altar of Cheibriados.
  5359 | D:5      | Found a sacrificial altar of Ru.
  5547 | D:5      | Found a staircase to the Ecumenical Temple.
  5553 | Temple   | Entered the Ecumenical Temple
  6483 | D:6      | Reached skill level 8 in Spellcasting
  6832 | D:6      | Reached XP level 10. HP: 69/72 MP: 0/0
  7312 | D:7      | Identified the +10 flail of Tausig Sijo {heavy, Str+2
                  | Dex+6}
  7408 | D:7      | Reached skill level 1 in Long Blades
  7417 | D:7      | Noticed Prince Ribbit
  7686 | D:7      | Noticed Duvessa
  7698 | D:7      | Noticed Dowan
  7703 | D:7      | Killed Duvessa
  7709 | D:7      | Killed Prince Ribbit
  7710 | D:7      | Killed Dowan
  7755 | D:7      | Noticed Joseph
  7782 | D:7      | Mangled by Joseph

Illustrated notes

Levels and vault maps discovered:
D:1:      lemuel_arrival_tunnels, layout_loops_ring
D:2:      layout_loops_ring, basic_altar, patterned_corridor
D:3:      layout_loops_ring, hellmonk_ecumenical_altar_heavens_door,
          chequers_big_river
D:4:      layout_loops_corners, cheibrodos_sewer_entry_drain, uniq_menkaure,
          uniq_pikel, uniq_edmund
D:5:      layout_cave_pools, cheibrodos_worm_habitat,
          nicolae_overflow_hidden_temple, minmay_temple_entry_fiery,
          serial_gnoll_camp, gnoll_camp_huts_basic, gnoll_camp_mini_hut,
          gnoll_camp_mini_hut, gnoll_camp_mini_hut
D:6:      layout_layer_cave
D:7:      layout_basic, minmay_between, uniq_prince_ribbit1, uniq_duvessa,
          uniq_joseph
Temple:   compressed_dpeg_triangle_lava_temple

Skill      XL: |  1  2  3  4  5  6  7  8  9 10 |
---------------+-------------------------------+-----
Spellcasting   | 4 5 6 7 8 |  8.7
Fighting       | 1 2 4 6 |  6.6
Evocations     | 1 2 4 |  4.0
Armour         | 1 4 |  4.0
Long Blades    | 2 |  2.1
Dodging        | 3 |  3.5
Stealth        | |  1.5

Action                     |  1- 3 |  4- 6 |  7- 9 | 10-12 || total
---------------------------+-------+-------+-------+-------++-------
  Melee: Dagger            |     5 |       |       |       ||     5
         Headbutt          |     1 |       |       |       ||     1
         Falchion          |       |       |    19 |       ||    19
         Scimitar          |       |       |       |    10 ||    10
   Cast: Magic Dart        |    72 |    97 |   114 |    13 ||   296
         Beastly Appendage |     1 |       |       |       ||     1
         Searing Ray       |       |     4 |    28 |     4 ||    36
         Iskenderun's Myst |       |     3 |    32 |    17 ||    52
         Fulminant Prism   |       |     7 |    12 |     5 ||    24
         Scorch            |       |     1 |       |       ||     1
         Gell's Gravitas   |       |       |    18 |     7 ||    25
         Dazzling Flash    |       |       |     1 |       ||     1
    Use: Scroll            |       |       |    13 |     2 ||    15
 Armour: Robe              |     3 |     5 |     5 |       ||    13
         Ring mail         |       |       |       |     5 ||     5
  Dodge: Dodged            |     6 |     7 |    25 |     4 ||    42
